 Dungeon Crawl Stone Soup version 0.29.1-15-g9cfb28693d (webtiles) character file.

Game seed: 16469502675069205104

26 101zpm the Magician (level 3, 0/25 HPs)
             Began as a Djinni Fire Elementalist on Mar 16, 2023.
             Constricted to death by a ball python (1 damage)
             ... on level 1 of the Dungeon.
             The game lasted 00:03:43 (1134 turns).

101zpm the Magician (Djinni Fire Elementalist)      Turns: 1134, Time: 00:03:44

Health: 0/25       AC:  2    Str:  7    XL:     3   Next: 22%
Gold:   7          EV:  9    Int: 18    God:
                   SH:  0    Dex: 13

rFire   + + .      SeeInvis .   (no weapon)
rCold   x . .      Faith    .   (no shield)
rNeg    . . .      Spirit   .   a - +0 robe
rPois   ∞          Reflect  .   (no helmet)
rElec   .          Harm     .   (no cloak)
rCorr   .          Rampage  .   (no gloves)
Will    .....                   (boots unavailable)
Stlth   ++........              (no amulet)
HPRegen 0.08/turn               f - +4 ring of slaying
MPRegen 0.00/turn               (no ring)

@: flying, constricted
A: sickness immunity, fire resistance 2, cold vulnerability 1, float, innate
caster, HP casting, extra vitality 1
a: no special abilities


You were on level 1 of the Dungeon.
You visited 1 branch of the dungeon, and saw 1 of its levels.

You collected 27 gold pieces.
You spent 20 gold pieces at shops.

Inventory:

Armour
 a - a +0 robe (worn)
Jewellery
 f - a +4 ring of slaying (left hand)
Scrolls
 b - a scroll of enchant weapon
 c - a scroll of magic mapping {unknown}
 d - a scroll of fear {unknown}
Potions
 e - a potion of ambrosia {unknown}
 g - a potion of lignification {unknown}
 h - a potion of brilliance {unknown}


   Skills:
 + Level 2.4 Dodging
 + Level 1.7 Stealth
 + Level 3.1 Spellcasting


You couldn't memorise any spells.
You knew the following spells:

 Your Spells              Type           Power      Damage    Failure   Level
a - Foxfire               Conj/Fire      56%        2x1d6     4%          1
b - Scorch                Fire           28%        2d6       7%          2
c - Conjure Flame         Conj/Fire      14%        6-21      13%         3
d - Inner Flame           Hex/Fire       14%        N/A       13%         3
e - Flame Wave            Conj/Fire      14%        2d6       41%         4
f - Freeze                Ice            56%        1d7       4%          1
Your spell library was empty.

Dungeon Overview and Level Annotations

Branches:
Dungeon (1/15)

Altars:

Shops:
D:1 ?[


Innate Abilities, Weirdness & Mutations

You are immune to sickness and miasma.
You are immune to poison.
Your flesh is very heat resistant. (rF++)
You are vulnerable to cold. (rC-)
You float through the air rather than walking.
You learn spells naturally, not from books.
Your magical power is your life essence.
You have superior vitality. (+4 MHP)


Message History

Aim: an endoplasm (unaware, ally target, hasn't noticed you, chance to affect: 81%)
The endoplasm quivers.
The endoplasm is filled with an inner flame.
* * * LOW HITPOINT WARNING * * *
The foxfire hits the endoplasm.
Flame seeps out of the endoplasm.
The endoplasm is severely wounded.
The endoplasm is engulfed in blazing flames.
The endoplasm explodes!
Casting: Inner Flame (quite dangerous; 13% risk of failure)
Confirm with . or Enter, or press ? or * to list all spells.
The spell is quite dangerous to miscast (13% risk of failure)!
Continue anyway?
Aiming: Inner Flame (quite dangerous; 13% risk of failure)
Press: ? - help, Dir - move target, f - ball python
Aim: a ball python (wandering, hasn't noticed you, chance to affect: 81%)
The ball python is filled with an inner flame.
* * * LOW HITPOINT WARNING * * *
Casting: Foxfire (safe; 4% risk of failure)
Press: ? - help, Q - select action, (/) - cycle Dir - look around, f - activate You conjure some foxfire!
* * * LOW HITPOINT WARNING * * *
Casting: Foxfire (safe; 4% risk of failure)
Press: ? - help, Q - select action, (/) - cycle Dir - look around, f - activate You conjure some foxfire!
* * * LOW HITPOINT WARNING * * *
Your foxfire dissipates!
A hobgoblin comes into view.
Your foxfire dissipates!
The hobgoblin moves out of view.
A frilled lizard comes into view.
The ball python attacks as you move away!
The ball python completely misses you. The ball python closely misses you.
The ball python attacks as you move away!
The ball python barely misses you.
Casting: Foxfire (safe; 4% risk of failure)
Press: ? - help, Q - select action, (/) - cycle Dir - look around, f - activate You conjure some foxfire!
* * * LOW HITPOINT WARNING * * *
The ball python barely misses you. The ball python grabs you.
The ball python constricts you.
You die...

##.....#........## ##..#........
###.#.#.......######..##........
#..#..#.####.###....##..#######
###.###..§......##.#### ..#
#...########.......###....#
...∩...##..............##.#
..####....#####.......## ..
....############v#.......
....######...†.v@#........
...........#####S#........
#.########## #S#........
#..#88.# #.#........ #..#...#
#........ #..##'## ##.....>.
#.....(# ..##### #..#...# #g#
...##### ..


You could see a hobgoblin and 2 ball pythons.

Vanquished Creatures
  3 dart slugs (D:1)
  2 ball pythons (D:1)
  4 bats (D:1)
  4 endoplasms (D:1)
  A giant cockroach (D:1)
  2 goblins (D:1)
  2 kobolds (D:1)
18 creatures vanquished.

Vanquished Creatures (others)
  84 foxfires (D:1)
84 creatures vanquished.

Grand Total: 102 creatures vanquished

Notes
Turn   | Place    | Note
-------+----------+-------------------------------------------
     0 | D:1      | 101zpm the Djinni Fire Elementalist began the quest for the
                  | Orb.
     0 | D:1      | 101zpm set off with the following spells memorised:
                  | Foxfire, Scorch, Conjure Flame, Inner Flame, Flame Wave.
     0 | D:1      | Reached XP level 1. HP: 15/15 MP: 0/0
   124 | D:1      | Reached XP level 2. HP: 3/21 MP: 0/0
   429 | D:1      | Found Amoh's Armour Boutique.
   854 | D:1      | Reached skill level 3 in Spellcasting
   928 | D:1      | Reached XP level 3. HP: 20/25 MP: 0/0
   928 | D:1      | Learned a level 1 spell: Freeze
   987 | D:1      | Found Culloosuu's Magic Scroll Shoppe.
   990 | D:1      | Bought a scroll of identify for 20 gold pieces
  1134 | D:1      | Constricted to death by a ball python

Illustrated notes

Levels and vault maps discovered:
D:1:      evilmike_arrival_crescent, layout_rooms,
          shapermc_ecumenical_altar_mp_vishouse, serial_shops,
          nicolae_shop_stone, nicolae_shop_behind_doors, shop

Skill      XL: |  1  2 |
---------------+-------+-----
Spellcasting   | 3 |  3.1
Dodging        | |  2.4
Stealth        | |  1.7

Action                   || total
-------------------------++-------
 Cast: Foxfire           ||    52
       Scorch            ||     2
       Inner Flame       ||     6
  Use: Scroll            ||     1
Armor: Robe              ||     1
Dodge: Dodged            ||     4
